 Dungeon Crawl Stone Soup version 0.28-a0-503-g83f2989fac (webtiles) character file.

Game seed: 4179292558351431227

43 ragingrage the Poker (level 3, -6/29 HPs)
             Began as a Demonspawn Chaos Knight on Sept 20, 2021.
             Was a Plaything of Xom.
             Mangled by a gnoll (11 damage)
             ... on level 2 of the Dungeon.
             The game lasted 00:01:25 (1024 turns).

ragingrage the Poker (Demonspawn Chaos Knight)      Turns: 1024, Time: 00:01:25

Health: -6/29      AC:  5    Str: 13    XL:     3   Next: 37%
Magic:  3/3        EV: 11    Int: 13    God:    Xom [..*...]
Gold:   76         SH:  0    Dex: 12    Spells: 2/2 levels left

rFire   . . .      SeeInvis .   a - +0 spear (chaos)
rCold   . . .      Faith    .   (no shield)
rNeg    . . .      Spirit   .   b - +2 leather armour
rPois   .          Reflect  .   (no helmet)
rElec   .          Harm     .   (no cloak)
rCorr   .          Rampage  .   (no gloves)
Will    .....                   (no boots)
Stlth   +.........              (no amulet)
HPRegen 0.09/turn               (no ring)
MPRegen 0.08/turn               (no ring)

@: no status effects
A: hooves 1, demonic magic 1
a: Renounce Religion


You were on level 2 of the Dungeon.
You worshipped Xom.
You were a toy of Xom.
You visited 1 branch of the dungeon, and saw 2 of its levels.

You collected 76 gold pieces.

Inventory:

Hand Weapons
 a - a +0 spear of chaos (weapon)
Armour
 b - a +2 leather armour (worn)
Scrolls
 d - a scroll of noise {unknown}
 f - a scroll of enchant weapon {unknown}
 g - a scroll of enchant armour {unknown}
 h - a scroll of fog {unknown}
 j - a scroll of blinking {unknown}
Potions
 c - 3 potions of berserk rage {unknown}
 e - a potion of degeneration {unknown}
 i - 2 potions of ambrosia {unknown}


   Skills:
 - Level 3.0 Fighting
 + Level 4.1 Polearms
 - Level 1.7 Armour
 - Level 0.8 Dodging


You had 2 spell levels left.
You didn't know any spells.
Your spell library was empty.

Dungeon Overview and Level Annotations

Branches:
Dungeon (2/15)

Altars:


Innate Abilities, Weirdness & Mutations

You have large cloven feet.
Spells you cast may paralyse adjacent enemies.


Message History

No target in view!
You open the door.
A gnoll comes into view. It is wielding a +0 flail.
The gnoll shouts!
Found a runed helmet.
A gnoll is nearby!
There is an open door here.
You reach to attack!
You closely miss the gnoll.
You reach to attack!
You closely miss the gnoll. You barely miss the gnoll.
The gnoll hits you with a +0 flail!
You barely miss the gnoll. Your kick misses the gnoll.
The gnoll hits you with a +0 flail!
You are too injured to fight recklessly!
You are too injured to fight recklessly!
You are too injured to fight recklessly!
You are too injured to fight recklessly!
You are too injured to fight recklessly!
You are too injured to fight recklessly!
You are too injured to fight recklessly!
You are too injured to fight recklessly!
You are too injured to fight recklessly!
You are too injured to fight recklessly!
You are too injured to fight recklessly!
You hit the gnoll.
The gnoll resists with some effort.
Your kick misses the gnoll.
The gnoll is lightly wounded.
The gnoll completely misses you.
You completely miss the gnoll.
The gnoll is lightly wounded.
The gnoll hits you but does no damage.
You hit the gnoll. You burn the gnoll.
The gnoll is heavily wounded.
The gnoll barely misses you.
You hit the gnoll but do no damage.
The gnoll flickers and vanishes!
Deactivating autopickup; reactivate with Ctrl-A.
You kick something. Something hits you.
* * * LOW HITPOINT WARNING * * *
You barely miss something. Your kick misses something.
You closely miss something. You kick something. Something hits you!
You die...

.## #.####.....###..# #....#. #
#.##....#.## .## ##.#.#..
#..#.###############..#...<
##.....#≈§≈≈≈#............#
#......#≈...≈##........)..#
######...†..#..⌠..#.....##.....#
##..<........#≈[..≈#..>..........
.......##....#§≈{≈≈#.............
#####......#.###@###.............
###......###.#..................
##......### #.#.##...............
...###'### #.#.##...............
<.##.....## #....................
..#.......###....................
..#.......#.....................#
.##...♣...#...........####.######
###.......#...........# #..#


There were no monsters in sight!

Vanquished Creatures
  An adder (D:2)
  A dart slug (D:1)
  2 ball pythons
  4 endoplasms
  A giant cockroach (D:1)
  3 goblins
  2 hobgoblins (D:1)
  2 jackals (D:1)
  A quokka (D:2)
  2 bats (D:1)
  4 frilled lizards
  2 kobolds
  7 rats
32 creatures vanquished.

Notes
Turn   | Place    | Note
-------+----------+-------------------------------------------
     0 | D:1      | ragingrage the Demonspawn Chaos Knight began the quest for
                  | the Orb.
     0 | D:1      | Reached XP level 1. HP: 18/18 MP: 1/1
    39 | D:1      | Reached skill level 3 in Polearms
    90 | D:1      | Gained mutation: Spells you cast may paralyse adjacent
                  | enemies. [demonic ancestry]
    90 | D:1      | Reached XP level 2. HP: 24/24 MP: 2/2
   262 | D:1      | XOM: potion effect (curing)
   292 | D:1      | XOM: divination: detect items
   535 | D:1      | XOM: silly message
   559 | D:1      | XOM: divination: detect creatures
   716 | D:2      | Gained mutation: You have large cloven feet. [demonic
                  | ancestry]
   716 | D:2      | Reached XP level 3. HP: 28/29 MP: 3/3
   840 | D:2      | Reached skill level 4 in Polearms
  1024 | D:2      | Mangled by a gnoll

Illustrated notes

Levels and vault maps discovered:
D:1:      tarquinn_simple_flora_water_d, layout_rooms,
          chequers_serial_rivers_room_a
D:2:      layout_rooms, kennysheep_flooded_box, kennysheep_generic_room_13

Skill      XL: |  1  2  3 |
---------------+----------+-----
Polearms       | 3 4 |  4.1
Fighting       | |  3.0
Armour         | |  1.7
Dodging        | |  0.8

Action                   || total
-------------------------++-------
Melee: Spear             ||   101
       Kick              ||     7
Armor: Leather armour    ||    19
Dodge: Dodged            ||    39

Table legend: (Time is in decaauts)
 A = Elapsed time spent in this place.
 B = Non-inter-level travel time spent in this place.
 C = Inter-level travel time spent in this place.
 D = Time resting spent in this place.
 E = Time spent auto-exploring this place.
 F = Levels seen in this place.
 G = Mean time per level.
                   A        B        C        D        E       F      G
               +--------+--------+--------+--------+--------+-----+--------+
         Total |   1016 |    983 |     33 |     29 |    763 |   2 |  508.0 |
       Dungeon |   1016 |    983 |     33 |     29 |    763 |   2 |  508.0 |
               +--------+--------+--------+--------+--------+-----+--------+

Top non-repeatable levels by time:
     D:1: 652 daAuts
     D:2: 363 daAuts
